 Seeded DCSS version 0.28-a0-819-g6ef7baa362 (webtiles) character file.

Game seed: 6029590832595441368 (custom seed)

13 cheechan the Skirmisher (level 2, 9/27 (28) HPs)
             Began as a Naga Fighter on Nov 8, 2021.
             Quit the game on level 1 of the Dungeon.
             The game lasted 00:01:05 (256 turns).

cheechan the Skirmisher (Naga Fighter)               Turns: 256, Time: 00:01:06

HP:   9/27 (28)     AC:  4    Str: 18    XL:     2   Next: 37%
MP:   2/2           EV:  7    Int:  8    God:
Gold: 19            SH:  4    Dex: 10    Spells: 1/1 levels left

rFire   . . .      SeeInvis +   a - +0 war axe
rCold   . . .      Faith    .   c - +0 buckler
rNeg    . . .      Spirit   .   b - +0 scale mail
rPois   +          Reflect  .   (no helmet)
rElec   .          Harm     .   (no cloak)
rCorr   .          Rampage  .   (no gloves)
Will    .....                   (no barding)
Stlth   ..........              (no amulet)
HPRegen 0.09/turn               (no ring)
MPRegen 0.08/turn               (no ring)

@: lightly drained, very slow
A: AC +0, large, see invisible, deformed body, poison resistance, slowness 2,
spit poison 1, naga tail 1
a: Spit Poison


You were on level 1 of the Dungeon.
You visited 1 branch of the dungeon, and saw 1 of its levels.

You collected 19 gold pieces.

Inventory:

Hand Weapons
 a - a +0 war axe (weapon)
Armour
 b - a +0 scale mail (worn)
 c - a +0 buckler (worn)
Potions
 d - a potion of might
 e - 2 potions of attraction {unknown}


   Skills:
 + Level 3.2 Fighting
 + Level 2.1 Axes
 + Level 2.6 Armour
 + Level 2.5 Shields


You had one spell level left.
You didn't know any spells.
Your spell library was empty.

Dungeon Overview and Level Annotations

Branches:
Dungeon (1/15)

Altars:


Innate Abilities, Weirdness & Mutations

Your serpentine skin is tough. (AC +0)
You have supernaturally acute eyesight. (SInv)
Armour fits poorly on your strangely shaped body.
Your system is resistant to poisons. (rPois)
You cover ground very slowly.
You can spit poison.
You have a snake-like lower body.


Message History

You miss the bat.
The bat is moderately wounded.
The bat closely misses you. The bat hits you but does no damage.
You have got your breath back.
The bat hits you.
* * * LOW HITPOINT WARNING * * *
The bat hits you but does no damage.
Abil: Spit Poison
Press: ? - help, Q - select action Shift-Dir - straight line, f/p - bat
Aim: a bat (moderately wounded)
The splash of poison misses the bat.
The bat hits you but does no damage.
Unknown command.
You miss the bat.
The bat is moderately wounded.
The bat hits you.
* * * LOW HITPOINT WARNING * * *
The bat closely misses you. You block the bat's attack.
The bat hits you but does no damage.
You can't do that yet.
Unknown command.
The bat hits you but does no damage.
You have got your breath back.
The bat hits you but does no damage.
Abil: Spit Poison
Press: ? - help, Q - select action Shift-Dir - straight line, f/p - bat
Aim: a bat The splash of poison misses the bat.
You block the bat's attack.
Unknown command.
The bat hits you but does no damage. The bat hits you but does no damage. x2
You closely miss the bat. The bat hits you but does no damage.
You slash the bat!
You kill the bat!
You have got your breath back.
Found a hand axe.
You open the large door.
Are you sure you want to abandon this character and quit the game? (Confirm with "yes".)

#.....# #.# #. #.....# ###.### ##
## ##.....# ####.8.8.#### .#
#'.....# ###.8.....[.8.#
.####'.....########..............
.................##.8..#######..8
.......###..####.##....#lNwhb ...
.......# #..####.##.8..###### .8
.......# #......@##.......... .
...†...# ##.#######..........
.......###... ..# #....########
####....##..###.# ###........<#
#.......#....#.# ##############
#.......##.#.#.# #............#
#.......)......####.###.#.####.#
#.......##............#.#.# #.#
#.......####.######.#.#.#.# #.#


There were no monsters in sight!

Vanquished Creatures
  An endoplasm (D:1)
  2 goblins (D:1)
  3 hobgoblins (D:1)
  A ball python (D:1)
  2 bats (D:1)
  A frilled lizard (D:1)
  2 rats (D:1)
  A spectral hobgoblin (D:1)
13 creatures vanquished.

Notes
Turn   | Place    | Note
-------+----------+-------------------------------------------
     0 | D:1      | cheechan the Naga Fighter began the quest for the Orb.
     0 | D:1      | Reached XP level 1. HP: 21/21 MP: 1/1
    11 | D:1      | Noticed a wyvern
    11 | D:1      | Noticed a salamander
    12 | D:1      | Noticed a swamp worm
    73 | D:1      | Found a faded altar of an unknown god.
   150 | D:1      | Reached XP level 2. HP: 8/26 MP: 2/2
   256 | D:1      | Quit the game

Illustrated notes

Levels and vault maps discovered:
D:1:      onia_arrival_zoo_common, layout_basic,
          dreamdust_ecumenical_altar_drowned_temple

Action                   || total
-------------------------++-------
Melee: War axe           ||    51
 Abil: Spit Poison       ||     4
Armor: Scale mail        ||    39
Dodge: Dodged            ||    24
Block: Buckler           ||    17

Table legend: (Time is in decaauts)
 A = Elapsed time spent in this place.
 B = Non-inter-level travel time spent in this place.
 C = Inter-level travel time spent in this place.
 D = Time resting spent in this place.
 E = Time spent auto-exploring this place.
 F = Levels seen in this place.
 G = Mean time per level.
                   A        B        C        D        E       F      G
               +--------+--------+--------+--------+--------+-----+--------+
         Total |    354 |    354 |      0 |      0 |      0 |   1 |  354.0 |
       Dungeon |    354 |    354 |      0 |      0 |      0 |   1 |  354.0 |
               +--------+--------+--------+--------+--------+-----+--------+

Top non-repeatable levels by time:
     D:1: 354 daAuts
